AoeStats
← AiM | UrikO14

Arabia

509899564Analyzed
2v2 RM · 5d ago on Sep 28, 2026· 37m 31s· 4 players
Game mode
Random Map
Map size
Medium (4 player)
Population
200
Speed
Normal
Resources
Standard
Victory
Conquest
Starting age
Dark Age
Ending age
Imperial Age
RankedLock teamsTeams togetherTeam positionsShared explorationLock speedFull tech treeHidden civsTurbo modeCheats
Victory
Defeat
🇨🇱 Franks · Chile
1344
+12
🇺🇸 Maya · United States
1304
+14
🇹🇼 Ethiopians · Taiwan
1286
-14
🇵🇹 Magyars · Portugal
1239
-12
dl_cucga
0:29 Loom
9:11 Feudal Age
9:18 Man-at-Arms
12:26 Double-Bit Axe
14:50 Fletching
18:19 Padded Archer Armor
22:38 Castle Age
21:03 Gold Mining
23:14 Bodkin Arrow
22:40 Crossbowman
24:31 Leather Archer Armor
25:53 Ballistics
31:05 Bow Saw
30:36 Horse Collar
33:45 Wheelbarrow
33:12 Heavy Plow
38:40 Imperial Age
36:16 Thumb Ring
AiM | UrikO14
6:37 Loom
8:54 Feudal Age
9:47 Double-Bit Axe
18:51 Scale Barding Armor
18:57 Forging
22:25 Castle Age
21:00 Gold Mining
23:23 Husbandry
23:47 Chain Barding Armor
24:04 Iron Casting
24:27 Bow Saw
31:08 Wheelbarrow
31:42 Fletching
34:02 Bodkin Arrow
darkdavixi
8:59 Feudal Age
10:26 Loom
13:53 Scale Barding Armor
17:45 Bloodlines
24:24 Castle Age
25:28 Wheelbarrow
25:08 Husbandry
24:31 Light Cavalry
25:11 Husbandry
25:32 Chain Barding Armor
35:42 Pikeman
fox0503
6:47 Loom
9:24 Feudal Age
14:39 Fletching
19:26 Padded Archer Armor
20:20 Double-Bit Axe
28:52 Castle Age
27:21 Horse Collar
28:55 Crossbowman
29:31 Bodkin Arrow
29:49 Bow Saw
30:25 Squires
30:41 Leather Archer Armor
30:15 Town Watch
31:41 Ballistics
32:10 Wheelbarrow
34:10 Thumb Ring
Connection lost

Rejoining the realm…

Still unreachable

The connection could not be restored.

Session expired

The server has moved on; the page needs a fresh start.